 Dungeon Crawl Stone Soup version 0.16.1-12-gf5c4a84 (webtiles) character file.

845 faffalel the Insei (level 8, 42/42 HPs)
             Began as a Vine Stalker Monk on Apr 7, 2015.
             Was a Priest of Makhleb.
             Quit the game on level 5 of the Dungeon on Apr 8, 2015.
             The game lasted 00:26:13 (3785 turns).

faffalel the Insei (Vine Stalker Monk)              Turns: 3785, Time: 00:26:13

Health: 42/42      AC:  2    Str: 16    XL:     8   Next: 0%
Magic:  16/16      EV: 15    Int: 10    God:    Makhleb [***...]
Gold:   217        SH:  0    Dex: 17    Spells: 0 memorised, 7 levels left

rFire  . . .     SeeInvis .       - Unarmed
rCold  . . .     Clarity  .     a - +0 robe
rNeg   . . .     SustAb   .     (no shield)
rPois  .         Gourm    .     (no helmet)
rElec  .         Spirit   +     (no cloak)
rCorr  .         Warding  .     (no gloves)
rMut   .         Stasis   .     (no boots)
MR     +....                    d - amulet of regeneration
Stlth  +++.......               (no ring)
                                (no ring)

@: somewhat resistant to hostile enchantments, fairly stealthy
A: fangs 3, regeneration 2, magic shield, antimagic bite, no device heal 3, rot
immunity
a: Minor Destruction, Lesser Servant of Makhleb, Renounce Religion


You were on level 5 of the Dungeon.
You worshipped Makhleb.
Makhleb was most pleased with you.
You were not hungry.

You visited 1 branch of the dungeon, and saw 5 of its levels.
You also visited: Sewer.

You collected 217 gold pieces.

Inventory:

Armour
 a - a +0 robe (worn)
Jewellery
 d - an amulet of regeneration (around neck)
 k - an uncursed ring of fire
 l - an uncursed ring of invisibility {unknown}
 n - an uncursed ring of protection from fire
 r - an uncursed amulet of faith {unknown}
Magical devices
 m - a wand of confusion (29)
 o - a wand of slowing (22)
Scrolls
 e - 2 scrolls of remove curse
 u - a scroll of enchant armour {unknown}
Potions
 i - a potion of cure mutation {unknown}
 j - 3 potions of curing {unknown}
 p - 2 potions of might {unknown}
 q - a potion of haste {unknown}
 s - 2 potions of heal wounds {unknown}
 t - 2 potions of flight {unknown}
Comestibles
 b - a bread ration
 c - a royal jelly
 f - a slice of pizza
 g - a beef jerky
 h - 2 meat rations


   Skills:
 * Level 4.3 Fighting
 * Level 4.4 Dodging
 + Level 4.3 Stealth
 + Level 5.8 Unarmed Combat
 + Level 3.5 Invocations


You had 7 spell levels left.
You didn't know any spells.

Dungeon Overview and Level Annotations

Branches:
Dungeon (5/15)             Temple (0/1) D:4

Altars:
Ashenzari
Cheibriados
Fedhas
Makhleb
Nemelex Xobeh
Qazlal
Vehumet
Xom
Zin

Shops:
D:4 (


Innate Abilities, Weirdness & Mutations

You have razor-sharp teeth.
You heal very quickly.
When hurt, damage is shared between your health and your magic reserves.
Your bite disrupts and absorbs the magic of your enemies.
Potions and wands cannot restore your health.
You are immune to rotting.


Message History

You pick your way through the web.
There is a web here.
You punch the fungus! You bite the fungus. You drain its power.
The fungus is moderately damaged.
You hit the fungus. You bite the fungus. You drain its power.
The fungus is heavily damaged.
You are caught in the web!
There is a web here.
You struggle to detach yourself from the web.
You disentangle yourself.
Items here: )))) a war axe; a glowing long sword; a runed short sword; an eveningstar You found a web!
Done exploring.
Done exploring.
Quiver which item? (- for none, * to show all) (? for menu, Esc to quit)
Okay, then.
Drink which item? (? for menu, Esc to quit)
Okay, then.
Are you sure you want to abandon this character and quit the game? (Confirm with "yes".)

######.†.#### #.# #########..##
#.## ........###.## #..#
#.....#####.P#### ##.#
..#...####....†.### #.#
....####..#†..^†P.### #.#
#.###P.^#####P..P...###.#########
#...###.#......^..#PPP#.#.......<
#.####.P#.#.#)#.@..PP##.#.#######
#.# #P##.#)P.#^..####....# #.#
###########^P###...### #.# ###
#######.#### #.# #.# #.....).#
#.#### #.# #####.### #######
#....####.######.#.# ###......
................#..## #.....###
####.####.........#.#####.....#


There were no monsters in sight!

Vanquished Creatures
  Purgy (Sewer)
  A phantom (D:5)
  3 ogres (D:4)
  A giant frog (D:4)
  A scorpion (D:5)
  A crimson imp (D:5)
  A giant frog skeleton (D:5)
  An orc wizard (D:4)
  A worker ant (D:5)
  Ijyb (D:2)
  A hound skeleton (D:4)
  A gnoll (D:1)
  3 giant mites
  4 adders
  4 worms (D:2)
  An adder skeleton (D:4)
  3 giant geckos
  An ooze (D:1)
  8 orcs
  4 giant cockroaches
  6 hobgoblins
  2 jackals (D:4)
  4 kobolds
  A quokka (D:3)
  9 ball pythons
  11 bats
  8 giant newts
  8 goblins
  A quokka skeleton (D:4)
  10 rats
  A fungus (D:5)
103 creatures vanquished.

Vanquished Creatures (others)
  An adder (D:4)
  A giant gecko (D:4)
  A giant cockroach (D:4)
  A goblin (D:4)
  A bat (D:4)
5 creatures vanquished.

Grand Total: 108 creatures vanquished

Notes
Turn   | Place    | Note
--------------------------------------------------------------
     0 | D:1      | faffalel, the Vine Stalker Monk, began the quest for the Orb.
     0 | D:1      | Reached XP level 1. HP: 11/11 MP: 1/1
   171 | D:1      | Reached XP level 2. HP: 11/16 MP: 0/3
   340 | D:1      | Reached XP level 3. HP: 2/19 MP: 0/4
  1039 | D:2      | Reached XP level 4. HP: 12/24 MP: 5/5
  1133 | D:2      | Noticed Ijyb
  1154 | D:2      | Killed Ijyb
  1154 | D:2      | Reached skill level 5 in Unarmed Combat
  1463 | D:3      | Reached XP level 5. HP: 17/28 MP: 7/7
  1514 | D:3      | Found a stormy altar of Qazlal.
  1515 | D:3      | Found a blossoming altar of Fedhas.
  1516 | D:3      | Found a snail-covered altar of Cheibriados.
  1518 | D:3      | Found a burning altar of Makhleb.
  1518 | D:3      | Found a shattered altar of Ashenzari.
  1533 | D:3      | Became a worshipper of Makhleb the Destroyer
  1533 | D:3      | Acquired Makhleb's first power
  1533 | D:3      | Acquired Makhleb's second power
  2143 | D:4      | Noticed an ogre
  2278 | D:4      | Found a staircase to the Ecumenical Temple.
  2314 | D:4      | Found Hosiylo's Antique Weapon Boutique.
  2362 | D:4      | Reached skill level 1 in Invocations
  2379 | D:4      | Found a shimmering altar of Xom.
  2385 | D:4      | Gained mutation: You heal very quickly. [vine stalker growth]
  2385 | D:4      | Reached XP level 6. HP: 30/32 MP: 7/9
  2399 | D:4      | Killed an ogre
  2468 | D:4      | Noticed an ogre
  2495 | D:4      | Noticed an ogre
  2500 | D:4      | Killed an ogre
  2511 | D:4      | Killed an ogre
  2511 | D:4      | Reached XP level 7. HP: 37/37 MP: 8/11
  2661 | D:4      | Upgraded the game from 0.16.1-11-g651b585 to 0.16.1-12-gf5c4a84
  2735 | D:5      | Entered Level 5 of the Dungeon
  2948 | D:5      | Found a glowing drain.
  2972 | Sewer    | Entered a sewer
  2994 | Sewer    | Noticed Purgy
  3004 | Sewer    | Killed Purgy
  3008 | Sewer    | Acquired Makhleb's third power
  3552 | D:5      | Found a sparkling altar of Nemelex Xobeh.
  3554 | D:5      | Found a glowing silver altar of Zin.
  3558 | D:5      | Found a radiant altar of Vehumet.
  3724 | D:5      | Gained mutation: You have razor-sharp teeth. [vine stalker growth]
  3724 | D:5      | Reached XP level 8. HP: 42/42 MP: 16/16
  3785 | D:5      | Quit the game

Action                   |  1- 3 |  4- 6 |  7- 9 || total
-------------------------+-------+-------+-------++-------
Melee: Unarmed           |   112 |   101 |    96 ||   309
Invok: Minor Destruction |       |    44 |     4 ||    48
  Use: Scroll            |     3 |     7 |     4 ||    14
 Stab: Sleeping          |     2 |     3 |     3 ||     8
  Eat: Beef jerky        |       |     1 |       ||     1
       Bread ration      |       |     1 |     1 ||     2
       Chunk             |       |     1 |       ||     1
